[Event "Titled Tuesday Blitz June 27 Late 2023"]
[White "Sargsyan, Anna M."]
[Black "Bilan, Danila"]
[WhiteFideId "13308130"]
[BlackFideId "24161918"]
[WhiteElo "2590"]
[BlackElo "2520"]
[Result "1-0"]
[Round "10"]
[TimeControl "180+2"]
[Date "2023.06.27"]
[WhiteClock "0:00:16"]
[BlackClock "0:00:00"]
[Board "52"]

1. d4 d5 2. c4 c6 3. cxd5 cxd5 4. Bf4 Nf6 5. e3 Nc6 6. Nc3 Bg4 7. f3 Bc8 8. Bd3 a6 9. Nge2 e6 10. O-O Bd6 11. Rc1 O-O 12. Na4 Bxf4 13. Nxf4 e5 14. dxe5 Nxe5 15. Bb1 Bd7 16. Nc5 Bc6 17. Qd4 Re8 18. b3 Qe7 19. Rfe1 Rac8 20. Ncd3 Ned7 21. Nb4 Ne5 22. Nbd3 Ned7 23. a4 g6 24. Kf2 Rcd8 25. Qb4 Qxb4 26. Nxb4 Ne5 27. Ne2 a5 28. Nd3 Nxd3+ 29. Bxd3 Nd7 30. Nd4 Ne5 31. Bb1 Rd6 32. h3 Kg7 33. Rc3 b6 34. Rec1 Ba8 35. Rc7 Rd7 36. f4 Rxc7 37. Rxc7 Nc4 38. bxc4 dxc4 39. Rxc4 Bd5 40. Rc7 1-0


[Site "https://www.chess.com"]

[Event "Titled Tuesday Blitz June 27 Late 2023"]
[White "Przybylski, Wojciech"]
[Black "marik_spb"]
[WhiteFideId "1117599"]
[WhiteElo "2583"]
[BlackElo "2478"]
[Result "1-0"]
[Round "10"]
[TimeControl "180+2"]
[Date "2023.06.27"]
[WhiteClock "0:00:12"]
[BlackClock "0:00:00"]
[Board "53"]

1. e4 c6 2. Nc3 d5 3. Nf3 dxe4 4. Nxe4 Nf6 5. Qe2 Nxe4 6. Qxe4 Qd5 7. d3 Qxe4+ 8. dxe4 g6 9. Be3 Bg7 10. O-O-O Nd7 11. h4 O-O 12. h5 Nf6 13. h6 Bh8 14. Bd3 Ng4 15. Bc5 Re8 16. Rd2 b6 17. Ba3 Bb7 18. Rh4 Ne5 19. Nxe5 Bxe5 20. f4 Bd4 21. Rh3 c5 22. e5 Red8 23. c3 Bg1 24. f5 Rd5 25. e6 fxe6 26. fxg6 Rad8 27. gxh7+ Kh8 28. c4 Re5 29. b4 Bd4 30. bxc5 bxc5 31. Kc2 Bc6 32. Be2 Ba4+ 33. Kc1 Rf8 34. Rf3 Rxf3 35. Bxf3 Kxh7 36. Re2 Kxh6 37. Rxe5 Bxe5 38. Kd2 Bd4 39. Kd3 Kg5 40. Bc1+ Kf5 41. Bh6 e5 42. Be4+ Ke6 43. Bd5+ Kd6 44. Bf8 Bd1 45. Be4 1-0


[Site "https://www.chess.com"]

[Event "Titled Tuesday Blitz June 27 Late 2023"]
[White "Sukandar, Irine Kharisma"]
[Black "Pinheiro, Iung Alicio de O."]
[WhiteFideId "7101937"]
[BlackFideId "2104350"]
[WhiteElo "2470"]
[BlackElo "2580"]
[Result "0-1"]
[Round "10"]
[TimeControl "180+2"]
[Date "2023.06.27"]
[WhiteClock "0:00:05"]
[BlackClock "0:00:07"]
[Board "54"]

1. e4 c5 2. Nc3 g6 3. d4 Bg7 4. dxc5 Na6 5. Nf3 Nxc5 6. Be3 b6 7. Bd4 Nf6 8. Bc4 d6 9. e5 dxe5 10. Nxe5 O-O 11. O-O Qc7 12. Nd5 Nxd5 13. Bxd5 Bxe5 14. Bxe5 Qxe5 15. Bxa8 Ba6 16. Re1 Qxb2 17. Bf3 Qf6 18. a4 Ne6 19. a5 Rd8 20. Qc1 Bc4 21. axb6 axb6 22. Qe3 Nd4 23. Be4 e5 24. Bd3 Bxd3 25. Qxd3 Rc8 26. c3 Ne6 27. Qe3 Rc5 28. Qh6 Rc8 29. Ra7 Nf4 30. h4 Qc6 31. Qg5 Qxc3 32. Qxe5 Qxe5 33. Rxe5 Rb8 34. Ree7 Rf8 35. Reb7 Nd5 36. Rd7 Nf6 37. Rd6 Ne4 38. Rxb6 Kg7 39. f3 Nf6 40. Kf2 h5 41. Rbb7 Nd5 42. Rd7 Nf4 43. g3 Ne6 44. Re7 Nc5 45. Rac7 Na6 46. Rc6 Nb4 47. Rc5 Nd3+ 48. Ke3 Nxc5 49. g4 Ne6 50. Ke4 Kf6 51. Ra7 hxg4 52. fxg4 Rh8 53. g5+ Kg7 54. Ke5 Rxh4 55. Rd7 Rh5 56. Re7 Rxg5+ 57. Kd6 Rf5 0-1


[Site "https://www.chess.com"]

[Event "Titled Tuesday Blitz June 27 Late 2023"]
[White "Domingo Nunez, Ruben"]
[Black "Karthik, Advaith"]
[WhiteFideId "22245570"]
[BlackFideId "30946050"]
[WhiteElo "2579"]
[BlackElo "2467"]
[Result "1-0"]
[Round "10"]
[TimeControl "180+2"]
[Date "2023.06.27"]
[WhiteClock "0:00:48"]
[BlackClock "0:01:14"]
[Board "55"]

1. h3 d5 2. a3 e5 3. g3 Nf6 4. Bg2 Bc5 5. d3 O-O 6. b4 Bb6 7. Bb2 Re8 8. Nf3 Nbd7 9. c4 c6 10. O-O a5 11. Nc3 Qe7 12. cxd5 cxd5 13. Qb3 e4 14. Nh4 Qd6 15. Nf5 Qe6 16. dxe4 Nf8 17. Nxd5 Nxd5 18. Nxg7 Qg6 19. Nxe8 Qxg3 20. Qxg3+ 1-0


[Site "https://www.chess.com"]

[Event "Titled Tuesday Blitz June 27 Late 2023"]
[White "liwadas82"]
[Black "Ganiev, Roman"]
[BlackFideId "4131452"]
[WhiteElo "2460"]
[BlackElo "2578"]
[Result "1/2-1/2"]
[Round "10"]
[TimeControl "180+2"]
[Date "2023.06.27"]
[WhiteClock "0:00:05"]
[BlackClock "0:00:09"]
[Board "56"]

1. e4 c5 2. Nf3 d6 3. d4 cxd4 4. Nxd4 Nf6 5. Nc3 a6 6. Be3 e5 7. Nb3 h5 8. f3 Be6 9. Qd2 Nbd7 10. O-O-O Rc8 11. Kb1 b5 12. Nd5 Bxd5 13. exd5 Nb6 14. f4 e4 15. Bxb6 Qxb6 16. Na5 Be7 17. Nc6 Nxd5 18. Nxe7 Nxe7 19. Qxd6 Qxd6 20. Rxd6 Rc6 21. Rd4 f5 22. Be2 Kf7 23. c4 bxc4 24. Bxc4+ Kf6 25. Rhd1 Nc8 26. Be2 Re8 27. b4 Rb6 28. a4 g6 29. b5 axb5 30. Bxb5 Ree6 31. Rd8 Nd6 32. Rf8+ Kg7 33. Rd8 Kf6 34. Kc2 Nxb5 35. axb5 Rxb5 36. R1d7 Rc5+ 37. Kb3 Re7 38. Rf8+ Ke6 39. Rdd8 Rcc7 40. Rg8 Rg7 41. Rde8+ Rce7 42. Rxg7 Rxe8 43. Rxg6+ Kd5 44. Kc3 Rc8+ 45. Kd2 Ra8 46. Rg7 Ra2+ 47. Ke3 Ra3+ 48. Ke2 h4 49. Rd7+ Kc4 50. Rc7+ Kd4 51. Rd7+ Kc5 52. Rc7+ Kd6 53. Rf7 Ke6 54. Rh7 Ra2+ 55. Ke3 Rxg2 56. Rxh4 Rg1 57. Rh6+ Kd5 58. Rh5 Ke6 59. Rh6+ Kf7 60. Rh7+ Kg6 61. Rh8 Re1+ 62. Kf2 Ra1 63. Rg8+ Kf6 64. Rh8 Ra3 65. Rh6+ Kg7 66. Rd6 Rf3+ 67. Ke2 Rxf4 68. Ke3 Rh4 69. Kd4 Kf7 70. Ke5 e3 71. Kxf5 e2 72. Rf6+ Kg7 73. Re6 Rxh2 74. Kf4 Kf7 75. Re3 Rf2+ 76. Kg3 Rf6 77. Rxe2 Rg6+ 78. Kf3 Rf6+ 79. Ke3 Kg6 80. Rf2 Rxf2 81. Kxf2 1/2-1/2


[Site "https://www.chess.com"]

[Event "Titled Tuesday Blitz June 27 Late 2023"]
[White "JackRodgers"]
[Black "Bernado Lopez, Roger"]
[BlackFideId "24585009"]
[WhiteElo "2567"]
[BlackElo "2379"]
[Result "1-0"]
[Round "10"]
[TimeControl "180+2"]
[Date "2023.06.27"]
[WhiteClock "0:00:08"]
[BlackClock "0:00:01"]
[Board "57"]

1. d4 d5 2. c4 e6 3. Nc3 h6 4. Nf3 Nf6 5. cxd5 exd5 6. Bf4 Bd6 7. Bg3 O-O 8. e3 Bxg3 9. hxg3 c6 10. Bd3 Re8 11. Qc2 Nbd7 12. O-O-O b5 13. Rh4 Nb6 14. Ne5 Qd6 15. Rdh1 Nc4 16. Nxf7 Kxf7 17. Bg6+ Kg8 18. Bxe8 Nxe8 19. g4 Qf6 20. b3 Ncd6 21. f4 Nf7 22. Ne2 Ned6 23. Ng3 Qe6 24. Kd2 Ne4+ 25. Nxe4 dxe4 26. g5 b4 27. gxh6 Nxh6 28. Qc5 Ba6 29. Qg5 Nf7 30. Qh5 c5 31. Qh7+ Kf8 32. f5 Qf6 33. Qg6 Rd8 34. Qxf6 gxf6 35. Rxe4 cxd4 36. Rxd4 Rxd4+ 37. exd4 Bb7 38. Rg1 Nd6 39. g4 Ne4+ 40. Ke3 Ke7 41. Kf4 Ng5 42. Rc1 Kd6 43. Rc4 a5 44. a3 Bd5 45. Rc5 Bxb3 46. axb4 a4 47. Ra5 Nf7 48. b5 Kc7 49. Ra6 Kb7 50. Rxf6 a3 51. Ra6 a2 52. g5 Nd6 53. g6 Nxb5 54. Rxa2 Bxa2 55. Ke5 Kc7 56. f6 Kd7 57. d5 Nc7 58. f7 Ke7 59. d6+ Kf8 60. dxc7 1-0


[Site "https://www.chess.com"]

[Event "Titled Tuesday Blitz June 27 Late 2023"]
[White "cafu1950"]
[Black "Nunez V, Gustavo Eduardo"]
[BlackFideId "4403690"]
[WhiteElo "2614"]
[BlackElo "2457"]
[Result "1-0"]
[Round "10"]
[TimeControl "180+2"]
[Date "2023.06.27"]
[WhiteClock "0:00:11"]
[BlackClock "0:00:35"]
[Board "58"]

1. d4 Nf6 2. Nc3 d5 3. Bf4 e6 4. Nb5 Na6 5. e3 c6 6. Nc3 Nc7 7. Nf3 Bd6 8. Ne5 h6 9. g4 Ne4 10. Nxe4 dxe4 11. Bg2 Nd5 12. Bxe4 Nxf4 13. exf4 O-O 14. Qe2 f6 15. Ng6 Re8 16. O-O-O Qa5 17. Kb1 Bd7 18. h4 f5 19. Bd3 fxg4 20. Ne5 Bxe5 21. dxe5 Re7 22. Qe4 Be8 23. Qh7+ Kf8 24. h5 Bf7 25. Rhg1 Bxh5 26. Qh8+ Kf7 27. Qxa8 Qb4 28. f5 exf5 29. a3 Qf4 30. e6+ Kg6 31. Qxa7 Rxe6 32. Rde1 Rf6 33. Qe3 Qd6 34. Qg3 Qc5 35. Rh1 Qd6 36. Qh4 Kh7 37. Qxh5 Qf4 38. Qh2 Qxh2 39. Rxh2 g6 40. Rg1 h5 41. Re1 Kh6 42. Re7 Kg5 43. Kc1 b5 44. Kd1 Rd6 45. Ke2 Kf4 46. Rg7 Kg5 47. Re7 h4 48. b3 h3 49. a4 bxa4 50. bxa4 Rd4 51. a5 Ra4 52. a6 Kf4 53. Re6 g5 54. Rxc6 g3 55. fxg3+ Kxg3 56. Rxh3+ Kxh3 57. Bxf5+ g4 58. Bd7 Re4+ 59. Kd3 Re7 60. Bxg4+ Kxg4 61. Kc4 Kf5 62. Kb5 Ke5 63. Kb6 Kd5 64. Rc7 Re6+ 65. Kb7 Re1 66. c4+ Kd6 67. c5+ Kd5 68. a7 Rb1+ 69. Kc8 Ra1 70. c6 Kd6 71. Rh7 Kxc6 72. Rh6+ Kb5 73. Kb8 Rg1 74. a8=Q Rg8+ 75. Ka7 Rg7+ 76. Qb7+ Rxb7+ 77. Kxb7 Kc5 78. Rh5+ Kd4 79. Kc6 Ke4 80. Kd6 Kf4 81. Rb5 Ke4 82. Ke6 Kf4 83. Kf6 Ke4 84. Rh5 Kd4 85. Ke6 Kc4 86. Kd6 Kd4 87. Rh4+ Ke3 88. Ke5 Kf3 89. Ra4 Kg3 90. Kf5 Kh3 91. Kg5 Kg3 92. Ra3+ Kf2 93. Kf4 Ke2 94. Rh3 Kd2 95. Ke4 Kc2 96. Kd4 Kb2 97. Kc4 Ka2 98. Kb4 Kb2 99. Rh2+ Kc1 100. Kc3 Kd1 101. Ra2 Ke1 102. Kd3 Kf1 103. Ke3 Kg1 104. Kf3 Kh1 105. Kg3 Kg1 106. Ra1# 1-0


[Site "https://www.chess.com"]

[Event "Titled Tuesday Blitz June 27 Late 2023"]
[White "Sun, Rick"]
[Black "whiteglovethief"]
[WhiteFideId "30909481"]
[WhiteElo "2584"]
[BlackElo "2464"]
[Result "1-0"]
[Round "10"]
[TimeControl "180+2"]
[Date "2023.06.27"]
[WhiteClock "0:00:11"]
[BlackClock "0:00:00"]
[Board "59"]

1. d4 e6 2. e4 d5 3. exd5 exd5 4. Nf3 Bd6 5. Bd3 Ne7 6. c4 dxc4 7. Bxc4 O-O 8. O-O Bg4 9. Nc3 Nbc6 10. Bg5 Qd7 11. Re1 Ng6 12. Ne4 Bb4 13. Re3 Bxf3 14. Qxf3 Nxd4 15. Qh5 Rfe8 16. Rh3 Qxh3 17. Qxh3 Rxe4 18. Bd3 Ree8 19. Be3 Rad8 20. a3 Ba5 21. Rd1 Bb6 22. Kf1 c5 23. Bb1 a5 24. Re1 a4 25. Qg3 Ba5 26. Rc1 b6 27. Ba2 Re7 28. h4 Ne5 29. h5 Nd3 30. Bxd4 1-0


[Site "https://www.chess.com"]

[Event "Titled Tuesday Blitz June 27 Late 2023"]
[White "Ozates, Tuna"]
[Black "Tomaszewski, Kacper"]
[WhiteFideId "6354521"]
[BlackFideId "1127373"]
[WhiteElo "2566"]
[BlackElo "2468"]
[Result "0-1"]
[Round "10"]
[TimeControl "180+2"]
[Date "2023.06.27"]
[WhiteClock "0:00:02"]
[BlackClock "0:00:08"]
[Board "60"]

1. e4 e6 2. d4 d5 3. exd5 exd5 4. Bd3 Nc6 5. c3 Bd6 6. Qf3 Nge7 7. h3 Be6 8. Ne2 Ng6 9. g3 Qd7 10. Na3 a6 11. Nc2 O-O-O 12. Bf4 Nxf4 13. Nxf4 Rhe8 14. O-O-O Bf8 15. Ne3 h6 16. g4 g5 17. Nh5 Be7 18. Nf5 Kb8 19. Nxh6 b5 20. Rhe1 b4 21. Bxa6 bxc3 22. bxc3 Na5 23. Kd2 Qa4 24. Rb1+ Ka7 25. Bb5 Qxa2+ 26. Kd3 c6 27. Ra1 Qb3 28. Reb1 Qxb1+ 29. Rxb1 cxb5 30. Rxb5 Ka6 31. Rb1 Rc8 32. Qd1 Rc4 33. Ng7 Rec8 34. Rc1 Ba3 35. Rc2 Bd7 36. Qa1 Bb5 37. Ke3 Bd6 38. Nhf5 Bf4+ 39. Kf3 Ba4 40. Ra2 Rxc3+ 41. Kg2 Rc1 42. Qb2 R8c2 43. Qb4 Rxa2 44. Qe7 Rcc2 45. Qf6+ Nc6 46. Kg1 Rxf2 47. Qxf7 Rg2+ 48. Kf1 Raf2+ 49. Ke1 Bd2# 0-1


[Site "https://www.chess.com"]

[Event "Titled Tuesday Blitz June 27 Late 2023"]
[White "Ezat, Mohamed"]
[Black "Remolar Gallen, Jose"]
[WhiteFideId "10600906"]
[BlackFideId "2215187"]
[WhiteElo "2554"]
[BlackElo "2449"]
[Result "1-0"]
[Round "10"]
[TimeControl "180+2"]
[Date "2023.06.27"]
[WhiteClock "0:02:26"]
[BlackClock "0:00:41"]
[Board "61"]

1. e4 c5 2. d4 cxd4 3. c3 Nf6 4. e5 Nd5 5. Nf3 Nc6 6. Bc4 Nb6 7. Bb3 d5 8. exd6 Qxd6 9. O-O Be6 10. Bxe6 Qxe6 11. cxd4 Rd8 12. Nc3 Qd7 13. Be3 e6 14. a4 Be7 15. a5 Nc4 16. a6 b6 17. Qe2 Nxe3 18. fxe3 O-O 19. Kh1 Rc8 20. Rfd1 Nb4 21. Ne5 Qc7 22. Nb5 Qb8 23. Nd7 Qa8 24. Nxf8 Bxf8 25. Rdc1 Nxa6 26. Rxc8 Qxc8 27. Nxa7 1-0


[Site "https://www.chess.com"]

[Event "Titled Tuesday Blitz June 27 Late 2023"]
[White "Perez, Maximiliano"]
[Black "Figorito, Nick"]
[WhiteFideId "117234"]
[BlackFideId "30923689"]
[WhiteElo "2532"]
[BlackElo "2424"]
[Result "1-0"]
[Round "10"]
[TimeControl "180+2"]
[Date "2023.06.27"]
[WhiteClock "0:01:03"]
[BlackClock "0:00:16"]
[Board "62"]

1. e4 e6 2. d3 d5 3. Nd2 Nc6 4. Ngf3 Nf6 5. g3 dxe4 6. dxe4 e5 7. Bg2 Bc5 8. O-O O-O 9. h3 Qe7 10. c3 a5 11. Qc2 Be6 12. Ng5 Bd7 13. Nc4 h6 14. Nf3 Rfd8 15. Nh4 Be6 16. Ne3 g6 17. Kh2 Nh5 18. Nd5 Bxd5 19. exd5 Nb8 20. Bxh6 Qf6 21. Nf3 Qh8 22. Be3 Bxe3 23. fxe3 Rxd5 24. Ng5 Rd7 25. Nxf7 Qg7 26. Ng5 Nc6 27. Rad1 Re7 28. Qb3+ Kh8 29. Qxb7 Rb8 30. Qxc6 1-0


[Site "https://www.chess.com"]

[Event "Titled Tuesday Blitz June 27 Late 2023"]
[White "Carrasco Miranda, Andres"]
[Black "Bruedigam, Martin"]
[WhiteFideId "3405990"]
[BlackFideId "24608033"]
[WhiteElo "2412"]
[BlackElo "2523"]
[Result "0-1"]
[Round "10"]
[TimeControl "180+2"]
[Date "2023.06.27"]
[WhiteClock "0:00:13"]
[BlackClock "0:01:50"]
[Board "63"]

1. d4 Nf6 2. c4 g6 3. g3 Bg7 4. Bg2 O-O 5. Nc3 c6 6. e4 d6 7. Nf3 a6 8. O-O b5 9. e5 Nfd7 10. exd6 exd6 11. Bf4 Nb6 12. c5 dxc5 13. dxc5 Nc4 14. b3 Bxc3 15. bxc4 Bxa1 16. Qxa1 Be6 17. Bh6 f6 18. Rd1 Nd7 19. Nd4 Bxc4 20. Nxc6 Qc7 21. Ne7+ Kf7 22. Bxa8 Rxa8 23. Nd5 Qxc5 24. Be3 Qc6 25. f4 Bxd5 26. Rc1 Qe6 0-1


[Site "https://www.chess.com"]

[Event "Titled Tuesday Blitz June 27 Late 2023"]
[White "Czerw, Dawid"]
[Black "Castella Garcia, Fausto"]
[WhiteFideId "1145746"]
[BlackFideId "3501922"]
[WhiteElo "2500"]
[BlackElo "2383"]
[Result "1-0"]
[Round "10"]
[TimeControl "180+2"]
[Date "2023.06.27"]
[WhiteClock "0:00:15"]
[BlackClock "0:00:00"]
[Board "64"]

1. e4 c5 2. Nf3 d6 3. d4 cxd4 4. Nxd4 Nf6 5. Nc3 g6 6. f3 Bg7 7. Be3 O-O 8. Bc4 Nc6 9. Qd2 Bd7 10. O-O-O Qa5 11. Bb3 Rfc8 12. g4 Ne5 13. h4 b5 14. h5 Nc4 15. Bxc4 bxc4 16. hxg6 fxg6 17. g5 Nh5 18. Rxh5 gxh5 19. Rh1 Rab8 20. a3 Rb7 21. Qh2 Rcb8 22. Qxh5 Rxb2 23. Qxh7+ Kf8 24. Rh4 e5 25. Nf5 Bxf5 26. Qxf5+ Kg8 27. Qe6+ Kf8 28. g6 Rb1+ 29. Kd2 R1b7 30. Rh5 1-0


[Site "https://www.chess.com"]

[Event "Titled Tuesday Blitz June 27 Late 2023"]
[White "GAO"]
[Black "Reprintsev, Alexander"]
[BlackFideId "14100541"]
[WhiteElo "2365"]
[BlackElo "2484"]
[Result "0-1"]
[Round "10"]
[TimeControl "180+2"]
[Date "2023.06.27"]
[WhiteClock "0:00:34"]
[BlackClock "0:01:04"]
[Board "65"]

1. Nf3 d5 2. b3 Nf6 3. Bb2 Nbd7 4. e3 g6 5. c4 c6 6. d4 Bg7 7. Be2 O-O 8. O-O a5 9. a3 Ne4 10. Nc3 f5 11. cxd5 Nxc3 12. Bxc3 cxd5 13. b4 a4 14. Rc1 Nb6 15. b5 Bd7 16. Bb4 Nc4 17. Rxc4 dxc4 18. Bxc4+ Kh8 19. Ng5 Qe8 20. Qf3 h6 21. Ne6 Bxe6 22. Bxe6 Qxb5 23. Bxe7 Rfe8 24. Bf7 Rxe7 25. Bxg6 Rf8 26. Qh5 Rf6 27. e4 Rxe4 28. Bf7 Rc6 29. Be8 Qxf1+ 30. Kxf1 Rc1+ 0-1


[Site "https://www.chess.com"]

[Event "Titled Tuesday Blitz June 27 Late 2023"]
[White "Andrej2004"]
[Black "JERO-8914"]
[WhiteElo "2615"]
[BlackElo "2438"]
[Result "0-1"]
[Round "10"]
[TimeControl "180+2"]
[Date "2023.06.27"]
[WhiteClock "0:01:09"]
[BlackClock "0:00:13"]
[Board "66"]

1. g3 Nf6 2. Bg2 e6 3. b3 d5 4. Bb2 Be7 5. Nf3 O-O 6. O-O c5 7. d3 Nc6 8. Nbd2 b5 9. c4 a6 10. cxd5 exd5 11. e4 Bb7 12. exd5 Nxd5 13. Ne4 Ndb4 14. Ne5 Nxe5 15. Bxe5 Nxd3 16. Bc3 b4 17. Bd2 f5 18. Nf6+ Bxf6 19. Bxb7 Bxa1 20. Qxa1 Ra7 21. Bf3 Qd4 22. Qb1 Ne5 23. Bg2 Qxd2 24. Re1 Nd3 25. Rd1 Qxf2+ 26. Kh1 Ne5 27. Rf1 Qd4 28. Rd1 Qc3 29. Rc1 Qd2 30. Rd1 Qh6 31. Qb2 Ng4 32. Bd5+ Kh8 33. Re1 Ne3 34. Bf3 Re7 35. Qd2 Rfe8 36. h4 f4 37. Kh2 fxg3+ 38. Kxg3 Nf5+ 0-1


[Site "https://www.chess.com"]

[Event "Titled Tuesday Blitz June 27 Late 2023"]
[White "Weishaeutel, Moritz"]
[Black "Labussiere, Yago"]
[WhiteFideId "12967300"]
[BlackFideId "2186969"]
[WhiteElo "2611"]
[BlackElo "2434"]
[Result "1-0"]
[Round "10"]
[TimeControl "180+2"]
[Date "2023.06.27"]
[WhiteClock "0:02:09"]
[BlackClock "0:02:01"]
[Board "67"]

1. e4 c5 2. d4 cxd4 3. c3 Nf6 4. e5 Nd5 5. Nf3 d6 6. Bc4 Nb6 7. Bb3 Nc6 8. exd6 Qxd6 9. O-O Bg4 10. Bxf7+ Kxf7 11. Ng5+ Kg8 12. Qxg4 h6 13. Nf3 e5 14. cxd4 exd4 15. Bf4 Qd5 16. Nbd2 Bd6 17. Bxd6 Qxd6 18. Ne4 Qe7 19. Rfe1 Rf8 20. Rad1 Qd8 21. Qe6+ Kh7 22. Rd3 Qd5 23. Nfg5+ hxg5 24. Rh3# 1-0


[Site "https://www.chess.com"]

[Event "Titled Tuesday Blitz June 27 Late 2023"]
[White "Ai, Evan"]
[Black "Adewumi, Tanitoluwa"]
[WhiteFideId "2094770"]
[BlackFideId "30966396"]
[WhiteElo "2430"]
[BlackElo "2594"]
[Result "0-1"]
[Round "10"]
[TimeControl "180+2"]
[Date "2023.06.27"]
[WhiteClock "0:00:05"]
[BlackClock "0:01:08"]
[Board "68"]

1. e4 c5 2. Nf3 e6 3. d4 cxd4 4. Nxd4 Nc6 5. Nc3 Qc7 6. a3 a6 7. Be3 b5 8. Be2 Bb7 9. O-O Rc8 10. f4 Bc5 11. Kh1 Qb6 12. Nxc6 Bxe3 13. Ne5 Bd4 14. Qd3 d6 15. Nf3 Bxc3 16. bxc3 Nf6 17. e5 Ne4 18. Qd4 Qxd4 19. cxd4 Rxc2 20. Rfe1 O-O 21. Rac1 Rfc8 22. Rxc2 Rxc2 23. Kg1 Rc3 24. Ra1 dxe5 25. dxe5 Kf8 26. Kf1 Ke7 27. Ke1 Re3 28. Nd4 Nc5 29. Kd2 Re4 30. Kc3 Rxd4 31. Kxd4 Nb3+ 32. Kc3 Nxa1 33. Kb2 Bxg2 34. Kxa1 Kd7 35. Kb2 Kc6 36. Kc3 Kc5 37. Bd3 h6 38. Bc2 a5 39. f5 b4+ 40. axb4+ axb4+ 41. Kb2 exf5 42. Bxf5 Bd5 43. Kc2 Kd4 0-1


[Site "https://www.chess.com"]

[Event "Titled Tuesday Blitz June 27 Late 2023"]
[White "Guzman Moneo, Alberto"]
[Black "lagarto93"]
[WhiteFideId "2209616"]
[WhiteElo "2394"]
[BlackElo "2573"]
[Result "0-1"]
[Round "10"]
[TimeControl "180+2"]
[Date "2023.06.27"]
[WhiteClock "0:00:01"]
[BlackClock "0:02:01"]
[Board "69"]

1. e4 e6 2. d3 c5 3. Nd2 Nc6 4. Ngf3 g6 5. g3 Bg7 6. Bg2 Nge7 7. c3 O-O 8. h4 h6 9. Qe2 d6 10. Nc4 e5 11. h5 g5 12. Ne3 d5 13. exd5 Nxd5 14. Nxd5 Qxd5 15. O-O Bg4 16. Re1 Rad8 17. Be3 Bxh5 18. c4 Qd6 19. Qf1 Bg6 20. Red1 b6 21. a3 f5 22. b4 f4 23. bxc5 bxc5 24. gxf4 exf4 25. Bd2 g4 26. Nh4 f3 27. Nxg6 Qxg6 28. Bh1 Nd4 29. Re1 Ne2+ 30. Rxe2 fxe2 31. Qe1 Bxa1 32. Qxa1 g3 33. f3 Rxd3 34. Qc1 Qh5 35. Bxh6 Qh2# 0-1


[Site "https://www.chess.com"]

[Event "Titled Tuesday Blitz June 27 Late 2023"]
[White "Ambartsumova, Karina"]
[Black "Lowinger, Daniel"]
[WhiteFideId "4166299"]
[BlackFideId "2005557"]
[WhiteElo "2551"]
[BlackElo "2392"]
[Result "1-0"]
[Round "10"]
[TimeControl "180+2"]
[Date "2023.06.27"]
[WhiteClock "0:00:03"]
[BlackClock "0:00:00"]
[Board "70"]

1. Nf3 Nf6 2. c4 e6 3. e3 d5 4. Nc3 Be7 5. b3 O-O 6. Bb2 b6 7. Qc2 Bb7 8. Be2 c5 9. cxd5 Nxd5 10. a3 Nd7 11. h4 f5 12. Bc4 Bf6 13. O-O-O Qe7 14. Rdg1 Rac8 15. Ng5 Ne5 16. Be2 Nb4 17. axb4 cxb4 18. f4 bxc3 19. dxc3 Nd7 20. Bc4 Nc5 21. Qxf5 g6 22. Qg4 Bxg5 23. Qxg5 Qg7 24. h5 Rf5 25. Qg4 b5 26. hxg6 bxc4 27. Rxh7 Nxb3+ 28. Kd1 Rd8+ 29. Ke1 Rd7 30. Rxg7+ Rxg7 31. Rh1 Be4 32. Qh4 1-0


[Site "https://www.chess.com"]

[Event "Titled Tuesday Blitz June 27 Late 2023"]
[White "Estrada Nieto, Julian"]
[Black "Cooklev, Steven"]
[WhiteFideId "5101018"]
[BlackFideId "2050552"]
[WhiteElo "2520"]
[BlackElo "2388"]
[Result "1-0"]
[Round "10"]
[TimeControl "180+2"]
[Date "2023.06.27"]
[WhiteClock "0:00:20"]
[BlackClock "0:00:00"]
[Board "71"]

1. e4 c5 2. Nf3 Nc6 3. Bb5 Nf6 4. Nc3 Qc7 5. O-O Nd4 6. Re1 a6 7. Bf1 e5 8. d3 h6 9. Nd5 Nxd5 10. exd5 d6 11. c3 Nxf3+ 12. Qxf3 Be7 13. Qg3 Bf6 14. f4 O-O 15. fxe5 Bxe5 16. Rxe5 dxe5 17. Bxh6 f6 18. d4 Kh8 19. Be3 Bf5 20. dxc5 Rad8 21. d6 Qc6 22. Qh4+ Bh7 23. Be2 Qe4 24. Qh3 b6 25. Rd1 bxc5 26. Bd3 Rxd6 27. Bxe4 Rxd1+ 28. Kf2 f5 29. Bc2 Ra1 30. Bxc5 Rf7 31. Qh5 g6 32. Qg5 Rxa2 33. Ba3 Ra1 34. Bb3 Rd7 35. Qf6+ Rg7 36. Bf8 1-0


[Site "https://www.chess.com"]

[Event "Titled Tuesday Blitz June 27 Late 2023"]
[White "Tissir, Mohamed"]
[Black "Campos, Maria Jose"]
[WhiteFideId "9000240"]
[BlackFideId "146803"]
[WhiteElo "2516"]
[BlackElo "2377"]
[Result "1-0"]
[Round "10"]
[TimeControl "180+2"]
[Date "2023.06.27"]
[WhiteClock "0:00:05"]
[BlackClock "0:00:51"]
[Board "72"]

1. e4 e5 2. Nf3 Nc6 3. Bc4 Nf6 4. d3 Bc5 5. c3 d6 6. Bb3 a6 7. Nbd2 Ba7 8. Nf1 d5 9. Qe2 d4 10. Ng3 Bg4 11. h3 Be6 12. O-O O-O 13. Bg5 h6 14. Bh4 Bxb3 15. axb3 Qd6 16. Nf5 Qe6 17. b4 Nh7 18. Nh2 Bb6 19. Kh1 Kh8 20. Qg4 Qg6 21. Qe2 Qe6 22. Ng4 Rae8 23. Rac1 h5 24. Nh2 g6 25. Nh6 Kg7 26. Qd2 f5 27. Nf3 f4 28. Bg5 Nxg5 29. Nxg5 Qf6 30. Nhf7 Re7 31. c4 Ba7 32. b5 Nb8 33. Ra1 Bc5 34. b4 Bd6 35. c5 Rexf7 36. Nxf7 Be7 37. Nxe5 Qxe5 38. c6 Qxb5 39. cxb7 Qxb7 40. f3 Bxb4 41. Qf2 c5 42. Rfb1 Nc6 43. Qa2 Ne5 44. Qe6 Nxd3 45. Rxa6 Qf7 46. Qd6 Re8 47. Rc6 Ne5 48. Rc7 d3 49. Rxf7+ Kxf7 50. Qd5+ Kf6 51. Qd6+ Re6 52. Qf8+ Kg5 53. h4+ Kxh4 54. Qxf4+ Ng4 55. fxg4 d2 56. Rd1 c4 57. g5# 1-0


[Site "https://www.chess.com"]

[Event "Titled Tuesday Blitz June 27 Late 2023"]
[White "Graif, William"]
[Black "micke12a"]
[WhiteFideId "2609835"]
[WhiteElo "2498"]
[BlackElo "2364"]
[Result "0-1"]
[Round "10"]
[TimeControl "180+2"]
[Date "2023.06.27"]
[WhiteClock "0:00:00"]
[BlackClock "0:00:56"]
[Board "73"]

1. e4 c5 2. Nc3 a6 3. g3 b5 4. Bg2 Bb7 5. d3 e6 6. Nh3 Nf6 7. O-O Be7 8. e5 Nd5 9. Qg4 Kf8 10. Nxd5 exd5 11. Nf4 Nc6 12. Re1 Nb4 13. Qe2 Bg5 14. c3 Bxf4 15. Bxf4 Nc6 16. Bxd5 Nd4 17. Qe4 Bxd5 18. Qxd5 Nc2 19. Qxc5+ Qe7 20. Qd5 Rc8 21. d4 Nxa1 22. Rxa1 Qe6 23. Qe4 d5 24. Qe3 h6 25. Qd3 g5 26. Bd2 Kg7 27. f4 gxf4 28. Bxf4 Qg6 29. Qd2 h5 30. Rf1 Rh7 31. Bg5 h4 32. gxh4 Rxh4 33. Kh1 Qe4+ 34. Qg2 Qxg2+ 35. Kxg2 Rg4+ 0-1


[Site "https://www.chess.com"]

[Event "Titled Tuesday Blitz June 27 Late 2023"]
[White "The_Straightforward_Rook"]
[Black "Uzcategui Rodriguez, Alejandro"]
[BlackFideId "3903400"]
[WhiteElo "2352"]
[BlackElo "2479"]
[Result "1-0"]
[Round "10"]
[TimeControl "180+2"]
[Date "2023.06.27"]
[WhiteClock "0:00:14"]
[BlackClock "0:00:01"]
[Board "74"]

1. Nf3 e6 2. c4 c5 3. g3 Nf6 4. Bg2 d5 5. O-O Nc6 6. d3 d4 7. e3 Be7 8. exd4 cxd4 9. a3 a5 10. Re1 O-O 11. Bg5 h6 12. Bxf6 Bxf6 13. Nbd2 g6 14. c5 Bg7 15. Nc4 Qd5 16. Nb6 Qxc5 17. Nxa8 Bd7 18. Rc1 Qa7 19. Nc7 Qb6 20. b4 axb4 21. axb4 Rc8 22. b5 Ne7 23. Nxe6 Rxc1 24. Qxc1 Bxe6 25. Ne5 Qxb5 26. Qc7 Nd5 27. Qd8+ Kh7 28. Nc4 Nc3 29. Qc7 Bxc4 30. dxc4 Qf5 31. Re7 Kg8 32. Qd8+ Kh7 33. Qd7 d3 34. Rxf7 Qe5 35. Qxd3 Ne2+ 36. Kh1 Nd4 37. Be4 Qe6 38. Rxb7 Nf5 39. Bxf5 gxf5 40. Rd7 Qc6+ 41. Rd5 Qa4 42. Qxf5+ Kg8 43. Rd8+ Bf8 44. Rxf8+ Kg7 45. Qf7# 1-0


[Site "https://www.chess.com"]